 Dungeon Crawl Stone Soup version 0.21-a0-185-g3a6ed1e (webtiles) character file.

91 tehllama the Insei (level 4, 0/42 HPs)
             Began as an Octopode Transmuter on Aug 12, 2017.
             Succumbed to an adder's poison
             ... on level 2 of the Dungeon.
             The game lasted 00:04:48 (2214 turns).

tehllama the Insei (Octopode Transmuter)            Turns: 2214, Time: 00:04:49

Health: 0/42       AC:  1    Str: 15    XL:     4   Next: 59%
Magic:  7/7        EV: 10    Int: 15    God:
Gold:   131        SH:  0    Dex: 12    Spells: 4/7 levels left

rFire    . . .     SeeInvis +     - Unarmed
rCold    . . .     Gourm    .   (no shield)
rNeg     . . .     Faith    .   (helmet restricted)
rPois    .         Spirit   .   (no amulet)
rElec    .         Reflect  .   i - -3 ring of evasion (curse)
rCorr    .         Harm     .   j - ring of see invisible
MR       .....                  (no ring)
Stlth    ..........             (no ring)
HPRegen  0.14/turn              (no ring)
MPRegen  0.10/turn              (no ring)
                                (no ring)
                                (no ring)

@: berserking, lethally poisoned (0 -> -6), very slightly contaminated, very
quick
A: almost no armour, stealthy swim, amphibious, 8 rings, constrict 8, camouflage
1, gelatinous body 1
a: no special abilities


You were on level 2 of the Dungeon.
You were not hungry.

You visited 1 branch of the dungeon, and saw 2 of its levels.

You collected 131 gold pieces.

Inventory:

Missiles
 a - 38 arrows
Jewellery
 i - a cursed -3 ring of evasion (left tentacle)
 j - a ring of see invisible (right tentacle)
Scrolls
 o - a scroll of teleportation {unknown}
Potions
 d - a potion of lignification
 e - a potion of cancellation
 l - a potion of brilliance {unknown}
 m - a potion of curing {unknown}
 p - a potion of magic
Books
 b - a book of Changes

   Spells                             Type                      Level
   a - Beastly Appendage              Transmutation                1
   b - Sticks to Snakes               Transmutation                2
   c - Spider Form                    Transmutation/Poison         3
   d - Ice Form                       Ice/Transmutation            4
   e - Blade Hands                    Transmutation                5
Comestibles
 c - a bread ration
 g - a meat ration
 h - 3 royal jellies
 k - a chunk of flesh


   Skills:
 - Level 1.0 Fighting
 - Level 2.0 Dodging
 + Level 2.0 Stealth
 + Level 4.9 Unarmed Combat
 - Level 2.0 Spellcasting
 - Level 2.0 Transmutations


You had 4 spell levels left.
You knew the following spells:

 Your Spells              Type           Power        Failure   Level  Hunger
a - Beastly Appendage     Tmut           #.....       10%         1    #......
b - Sticks to Snakes      Tmut           #.......     14%         2    ###....


Dungeon Overview and Level Annotations

Branches:
Dungeon (2/15)

Altars:
Ashenzari
Nemelex Xobeh
Trog


Innate Abilities, Weirdness & Mutations

You cannot wear most types of armour.
You are very stealthy in the water. (Stealth+)
You are amphibious.
You can wear up to eight rings at the same time.
You can use your tentacles to constrict eight enemies at once.
Your skin changes colour to match your surroundings (Stealth+).
Your rubbery body absorbs attacks. (AC +1, EV +1)


Message History

Okay, then.
You completely miss the adder. Your grab misses the adder.
The adder is severely wounded.
The adder bites you but does no damage.
You barely miss the adder. You grab the adder. You squeeze the adder.
You kill the adder!
Your Stealth skill increases to level 2!
* * * LOW HITPOINT WARNING * * *
You feel sick.
Okay, then.
It was a potion of magic.
Magic courses through your body.
* * * LOW HITPOINT WARNING * * *
You feel sick.
Okay, then.
As you read the scroll of identify, it crumbles to dust.
d - a potion of lignification It was a potion of berserk rage.
A red film seems to cover your vision as you go berserk!
You feel yourself moving faster!
You feel mighty!
You die...

#.##.##.## #....##..# #####
#.#####..# #...# #.#####..#
#...# #.#...>..# #...#
#........# ##...# ###......#
##....# ##### #......#
########.....#####....
#......###....@†..#...#........
#......#...########............
#####>...### #........####...
##.[...## #..##...### #...
##..##...## #. #.#....# ###.
#..###.#..# ##.####.###...
##.##<.....# ##..# #.##..##
####..#)......## #..## #.#..##
#....#......)..####.## #.#.##


There were no monsters in sight!

Vanquished Creatures
  3 adders (D:2)
  A worm (D:2)
  5 dart slugs
  A leopard gecko (D:1)
  5 giant cockroaches
  9 goblins
  6 hobgoblins
  2 jackals (D:1)
  2 bats
  3 frilled lizards
  5 kobolds
  8 rats
50 creatures vanquished.

Notes
Turn   | Place    | Note
-------+----------+-------------------------------------------
     0 | D:1      | tehllama the Octopode Transmuter began the quest for the Orb.
     0 | D:1      | Reached XP level 1. HP: 13/13 MP: 3/3
   212 | D:1      | Reached XP level 2. HP: 18/18 MP: 3/5
   401 | D:1      | Reached skill level 4 in Unarmed Combat
   520 | D:1      | Reached XP level 3. HP: 5/23 MP: 6/6
   818 | D:1      | Found a shattered altar of Ashenzari.
  1029 | D:1      | Learned a level 2 spell: Sticks to Snakes
  1170 | D:1      | Reached skill level 1 in Stealth
  1552 | D:1      | Reached XP level 4. HP: 6/28 MP: 5/7
  1945 | D:2      | Found a sparkling altar of Nemelex Xobeh.
  2115 | D:2      | Found a bloodstained altar of Trog.
  2212 | D:2      | HP: 1/28 [poisoned by an adder]
  2214 | D:2      | Succumbed to an adder's poison

Vault maps used:
D:1:      ncdulo_smallfort, nicolae_ashenzari_panopticon
D:2:      nemelex_xobeh_ov_fountains_minmay, nicolae_overflow_crystal_walls

Skill      XL: |  1  2  3  4 |
---------------+-------------+-----
Unarmed Combat | 4 |  4.9
Stealth        | 1 2 |  2.0
Fighting       | |  1.0
Dodging        | |  2.0
Spellcasting   | |  2.0
Transmutations | |  2.0

Action                   |  1- 3 |  4- 6 || total
-------------------------+-------+-------++-------
Melee: Unarmed           |    76 |    33 ||   109
       Kick              |    14 |     9 ||    23
       Tentacles         |    10 |     3 ||    13
       Constrict         |    20 |     9 ||    29
       Punch             |     1 |     1 ||     2
 Cast: Beastly Appendage |    16 |    11 ||    27
  Use: Scroll            |     2 |     2 ||     4
       Potion            |       |     2 ||     2
 Stab: Sleeping          |     4 |     1 ||     5
  Eat: Chunk             |     2 |     3 ||     5
Armor: Skin              |     4 |     5 ||     9
Dodge: Dodged            |    44 |    12 ||    56
